 Dungeon Crawl Stone Soup version 0.21.1 (webtiles) character file.

333 shakethe the Chopper (level 6, -2/57 HPs)
             Began as a Deep Dwarf Fighter on Feb 5, 2018.
             Killed by nerve-wracking pain
             ... invoked by Menkaure
              (13 damage)
             ... on level 4 of the Dungeon.
             The game lasted 00:13:27 (2747 turns).

shakethe the Chopper (Deep Dwarf Fighter)           Turns: 2747, Time: 00:13:28

Health: -2/57      AC: 10    Str: 20    XL:     6   Next: 27%
Magic:  5/5        EV:  7    Int:  8    God:
Gold:   93         SH: 10    Dex: 14    Spells: 5/5 levels left

rFire    . . .     SeeInvis .   y - +1 short sword (vamp)
rCold    . . .     Gourm    .   c - +0 shield
rNeg     . . .     Faith    .   b - +0 scale mail
rPois    .         Spirit   .   x - +0 helmet
rElec    .         Reflect  .   (no cloak)
rCorr    .         Harm     +   (no gloves)
MR       +....                  u - +1 pair of boots
Stlth    ..........             q - amulet of harm
HPRegen  0.00/turn              j - +4 ring of slaying
MPRegen  0.09/turn              i - ring of protection from magic

@: non-regenerating
A: damage resistance, heal wounds, sense surroundings 1, no regeneration
a: Heal Wounds


You were on level 4 of the Dungeon.
You were not hungry.

You visited 1 branch of the dungeon, and saw 4 of its levels.

You collected 93 gold pieces.

Inventory:

Hand Weapons
 a - a +0 war axe
 y - a +1 vampiric short sword (weapon)
Armour
 b - a +0 scale mail (worn)
 c - a +0 shield (worn)
 u - a +1 pair of boots (worn)
 x - a +0 helmet (worn)
Jewellery
 i - a ring of protection from magic (right hand)
 j - a +4 ring of slaying (left hand)
 q - an amulet of harm (around neck)
Wands
 e - a wand of digging (6)
 m - a wand of flame (29)
Scrolls
 k - 3 scrolls of enchant armour {unknown}
 l - 2 scrolls of magic mapping {unknown}
 o - 2 scrolls of teleportation {unknown}
 p - a scroll of blinking {unknown}
 r - a scroll of enchant weapon {unknown}
 s - a scroll of remove curse {unknown}
 t - a scroll of fog {unknown}
 v - 2 scrolls of random uselessness {unknown}
Potions
 d - 2 potions of might
 g - a potion of curing {unknown}
 h - a potion of resistance {unknown}
 n - a potion of agility {unknown}
 w - a potion of berserk rage {unknown}
 z - a potion of degeneration {unknown}
Comestibles
 f - 2 rations


   Skills:
 + Level 3.7 Fighting
 * Level 0.0 Short Blades
 - Level 4.9 Axes
 + Level 4.5 Armour
 + Level 4.5 Shields


You had 5 spell levels left.
You didn't know any spells.

Dungeon Overview and Level Annotations

Branches:
Dungeon (4/15)
 Temple: D:4-7

Altars:
Elyvilon
Fedhas
Sif Muna
The Shining One

Annotations:
D:4 Menkaure


Innate Abilities, Weirdness & Mutations

You are resistant to damage.
You can heal yourself by infusing magical energy.
You passively map a small area around you.
You do not regenerate.


Message History

You hear a shout!
You hear an angry hiss.
Menkaure mumbles some strange words.
Menkaure seems to speed up.
Menkaure gestures at you while chanting.
You easily resist.
The howler monkey hoots and howls with incredible vigour!
Menkaure calls on the powers of darkness!
The howler monkey convulses!
Your body is wracked with pain!
* * * LOW HITPOINT WARNING * * *
You hit Menkaure.
Menkaure is lightly damaged.
You block Menkaure's attack.
You hit Menkaure.
Menkaure is moderately damaged.
Menkaure barely misses you. Menkaure closely misses you.
You puncture Menkaure!
Menkaure is heavily damaged.
Menkaure points at you and mumbles some strange words.
Pain shoots through your body!
You die...

#..../.... ##.......#
* , , #........# ,
#...# , #...# , * *
#...#,, * , , ##h## *
* * * #M# #@#
#.################
#>................
#...........######
########...........#
###...#..............#
#...#.#)########.....#
#.#<..#.# #.....#
#.......# #######


You could see Menkaure and a howler monkey.

Vanquished Creatures
  A crimson imp (D:3)
  An orc priest (D:3)
  Terence (D:3)
  3 orc wizards
  A worker ant (D:4)
  Robin (D:3)
  3 adders
  An ooze (D:2)
  4 leopard geckos
  7 orcs
  6 bats
  2 giant cockroaches (D:3)
  15 goblins
  12 hobgoblins
  9 jackals
  2 quokkas (D:4)
  4 frilled lizards
  10 kobolds
  7 rats
90 creatures vanquished.

Notes
Turn   | Place    | Note
-------+----------+-------------------------------------------
     0 | D:1      | shakethe the Deep Dwarf Fighter began the quest for the Orb.
     0 | D:1      | Reached XP level 1. HP: 20/20 MP: 1/1
   131 | D:1      | Reached XP level 2. HP: 24/27 MP: 2/2
  1161 | D:2      | Reached XP level 3. HP: 19/33 MP: 3/3
  1754 | D:3      | Reached XP level 4. HP: 25/42 MP: 3/3
  1775 | D:3      | Reached XP level 5. HP: 13/49 MP: 4/4
  1836 | D:3      | Noticed Terence
  1854 | D:3      | Killed Terence
  2182 | D:3      | Noticed Robin
  2213 | D:3      | Killed Robin
  2310 | D:3      | Found a glowing golden altar of the Shining One.
  2310 | D:3      | Found a deep blue altar of Sif Muna.
  2335 | D:3      | Reached XP level 6. HP: 47/56 MP: 5/5
  2553 | D:4      | Found a white marble altar of Elyvilon.
  2569 | D:4      | Found a blossoming altar of Fedhas.
  2726 | D:4      | Noticed Menkaure
  2747 | D:4      | Killed from afar by Menkaure

Skill      XL: |  1  2  3  4 |
---------------+-------------+-----
Axes           | 3 4 |  4.9
Fighting       | 3 |  3.7
Shields        | 4 |  4.5
Armour         | 4 |  4.5

Action                   |  1- 3 |  4- 6 || total
-------------------------+-------+-------++-------
Melee: War axe           |   102 |   122 ||   224
       Short sword       |       |     3 ||     3
 Abil: Heal Wounds       |     1 |     1 ||     2
  Use: Potion            |       |     1 ||     1
  Eat: Ration            |     1 |     2 ||     3
       Chunk             |       |     3 ||     3
Armor: Scale mail        |    37 |    57 ||    94
Dodge: Dodged            |    30 |    41 ||    71
Block: Shield            |    67 |    80 ||   147
